Map: Romanticide LE

Players

INnoVation - Winner!

  • Race: Terran Terran
  • Spawn Location: 5:00

PtitDrogo

  • Race: Protoss Protoss
  • Spawn Location: 11:00

Event: StayAtHome Story Cup #3

VOD

Have the link to the VOD?

Description

Time

  • Played on: March 11, 2021, 9:59 a.m.
  • Length: 18:59

All games in this series

Show
View Real Time Build Order
Export as new Build Order

INnoVation Terran - Winner!

Build Orders: Reaper Expand 

Get SALT Encoding   

  12  0:00  SCV  
  13  0:12  SCV  
  14  0:17  Supply Depot  
  14  0:24  SCV  
  15  0:38  SCV  
  15  0:39  Barracks  
  15  0:42  Refinery  
  16  0:50  SCV  
  17  1:02  SCV  
  18  1:14  SCV  
  19  1:26  Reaper  
  19  1:27  Orbital Command  
  20  1:42  Command Center  
  20  1:53  SCV  
  21  1:55  Supply Depot  
  21  1:58  Marine  
  22  2:05  SCV  
  23  2:09  Factory  
  23  2:17  SCV, Marine  
  25  2:23  Bunker  
  25  2:28  Refinery  
  25  2:29  SCV  
  26  2:36  Barracks Reactor  
  26  2:42  SCV  
  27  2:54  SCV  
  27  2:56  Orbital Command  
  28  2:59  Starport  
  28  3:01  Widow Mine  
  30  3:06  SCV  
  30  3:12  Marine x2  
  32  3:18  SCV  
  34  3:22  SCV  
  34  3:25  Widow Mine  
  37  3:30  SCV, Marine x2  
  40  3:36  SCV  
  40  3:37  Medivac  
  40  3:39  Supply Depot  
  43  3:42  SCV  
  43  3:47  Factory Tech Lab, Marine  
  43  3:48  SCV  
  46  3:56  Supply Depot  
  46  4:00  SCV x2  
  48  4:06  Cyclone  
  48  4:07  Viking  
  52  4:12  SCV  
  52  4:13  SCV  
  54  4:19  Command Center  
  54  4:24  Supply Depot  
  54  4:25  SCV  
  54  4:29  Marine x2  
  57  4:32  SCV  
  58  4:39  Barracks  
  58  4:41  SCV  
  58  4:44  SCV  
  58  4:45  Barracks  
  60  4:47  Engineering Bay  
  60  4:52  Starport Reactor  
  60  4:53  Supply Depot  
  60  4:54  SCV  
  60  4:56  SCV  
  60  4:57  Factory Tech Lab  
  60  4:59  Stimpack  
  62  5:00  Refinery, Marine  
  62  5:05  Refinery  
  63  5:07  SCV  
  63  5:08  SCV  
  65  5:14  Terran Infantry Weapons Level 1  
  65  5:17  Marine, Missile Turret  
  65  5:19  SCV  
  65  5:20  SCV  
  68  5:24  Missile Turret  
  68  5:31  SCV  
  68  5:32  SCV, Orbital Command  
  68  5:33  Barracks  
  68  5:35  Barracks  
  70  5:37  Barracks Tech Lab  
  70  5:38  Marine  
  70  5:39  Marine  
  70  5:41  Siege Tank  
  75  5:43  SCV  
  75  5:44  SCV  
  77  5:51  Marine  
  77  5:56  SCV x2, Marine x2  
  82  5:59  Supply Depot  
  82  6:01  Missile Turret  
  81  6:08  Combat Shield  
  81  6:10  Marine x2  
  83  6:11  SCV  
  83  6:12  SCV  
  82  6:23  SCV, Siege Tank  
  82  6:24  SCV  
  82  6:25  Orbital Command  
  86  6:28  Barracks Tech Lab, Marauder, Medivac  
  86  6:29  Marauder  
  86  6:30  Medivac  
  94  6:33  Missile Turret  
  94  6:36  SCV x2  
  94  6:39  Supply Depot x2  
  96  6:42  Barracks Reactor, Concussive Shells  
  96  6:48  SCV x2  
  96  6:53  Marauder  
  100  6:55  SCV  
  100  6:59  Marauder  
  100  7:01  SCV x2, Marauder, Siege Tank  
  110  7:05  Medivac x2  
  114  7:09  SCV  
  114  7:11  Terran Infantry Armor Level 1  
  114  7:13  Refinery, SCV x2  
  117  7:15  Supply Depot  
  117  7:17  Supply Depot  
  117  7:19  Refinery  
  117  7:21  SCV  
  116  7:25  SCV  
  117  7:36  Command Center  
  117  7:37  SCV x3  
  117  7:39  Marine x2, Supply Depot  
  117  7:40  Marine x2  
  117  7:41  Supply Depot, Siege Tank  
  127  7:48  Marauder x3  
  127  7:49  SCV  
  127  7:50  SCV  
  133  8:01  SCV  
  133  8:04  Armory, Engineering Bay, Medivac x2  
  137  8:06  Ghost Academy  
  137  8:10  Marauder  
  137  8:11  Marauder x2  
  143  8:13  Marine x3  
  143  8:14  Marine  
  143  8:19  Supply Depot x2  
  147  8:24  Supply Depot  
  147  8:35  SCV x2  
  147  8:40  Marine x4, Ghost x3, Siege Tank  
  147  8:41  SCV  
  163  8:44  Supply Depot x2  
  163  8:50  SCV x2  
  163  8:53  SCV  
  163  8:55  Sensor Tower  
  166  8:56  Terran Infantry Weapons Level 2, Enhanced Shockwaves  
  166  9:05  Refinery  
  166  9:08  Planetary Fortress  
  166  9:10  Marine x4  
  166  9:12  Marauder x3  
  166  9:16  Refinery  
  161  9:28  SCV x2  
  155  9:33  Marauder x2  
  155  9:34  Marauder  
  155  9:36  Medivac x2  
  155  9:37  Orbital Command  
  163  9:42  Marine x4  
  163  9:45  SCV x3  
  165  9:57  SCV  
  157  10:00  SCV x2  
  157  10:01  Marine, Ghost x3  
  157  10:02  Marine x3  
  165  10:09  SCV  
  165  10:11  SCV  
  165  10:12  SCV x2  
  169  10:18  Missile Turret  
  169  10:19  Refinery, Missile Turret  
  169  10:20  Refinery, Missile Turret  
  169  10:24  Terran Infantry Armor Level 2  
  169  10:28  Terran Ship Weapons Level 1  
  169  10:34  SCV x2  
  169  10:35  SCV x2  
  173  10:37  Ghost, Sensor Tower  
  173  10:45  Ghost  
  173  10:46  Marine x2  
  173  10:47  Marine x2  
  178  10:52  SCV x2  
  178  10:53  SCV  
  180  11:02  Siege Tank  
  180  11:03  Barracks x2  
  183  11:04  Barracks  
  183  11:08  SCV x2  
  183  11:09  SCV  
  185  11:11  Marine  
  185  11:12  Marauder, Marine x3  
  185  11:16  Sensor Tower, Missile Turret  
  195  11:19  Ghost x2  
  195  11:28  Command Center  
  195  11:35  Terran Infantry Weapons Level 3  
  195  11:40  Fusion Core  
  195  11:43  Starport, Factory Reactor  
  195  11:57  Command Center  
  195  11:58  Command Center  
  194  12:11  Viking  
  194  12:13  Barracks Reactor, Barracks Tech Lab x2  
  195  12:16  Viking  
  195  12:21  SCV x4  
  193  12:28  Ghost  
  193  12:29  Terran Ship Weapons Level 2, Marine  
  196  12:37  Advanced Ballistics  
  196  12:42  Ghost  
  196  12:43  Marine x2  
  200  12:50  SCV, Marine x2  
  199  12:51  Sensor Tower  
  199  12:52  Marauder  
  188  13:17  Liberator x4  
  189  13:21  Marauder x5  
  189  13:22  Marine  
  189  13:23  Marine x4  
  168  13:32  SCV x2  
  168  13:33  SCV  
  168  13:37  Orbital Command x2  
  168  13:38  Planetary Fortress  
  168  13:40  SCV  
  168  13:44  SCV x2  
  168  13:45  SCV  
  168  13:46  Marine, Marauder, Ghost x2  
  168  13:47  Marauder, Marine x4  
  168  13:48  Marine x2  
  186  13:50  Missile Turret  
  186  13:55  SCV  
  187  13:56  SCV  
  187  13:57  SCV x2  
  187  13:59  Liberator  
  187  14:00  Liberator x2  
  199  14:09  Marine x5  
  200  14:13  SCV x4  
  200  14:14  SCV  
  197  14:21  Liberator  
  197  14:22  Refinery, Sensor Tower x2  
  197  14:23  Refinery  
  197  14:40  Marauder x2, Marine  
  198  14:56  Neosteel Armor, Terran Ship Weapons Level 3  
  198  14:57  Terran Infantry Armor Level 3  
  198  15:13  Marine, Marauder x2, Ghost x2  
  198  15:14  Marauder, Marine x4  
  189  15:15  Liberator x3  
  193  15:23  SCV  
  193  15:24  SCV x3  
  190  15:28  Liberator  
  190  15:30  Marine  
  190  15:31  Marine x2  
  190  15:32  Marine  
  190  15:34  Marauder  
  199  15:42  Marauder x2  
  189  15:54  Command Center  
  189  15:55  Ghost  
  189  15:56  Marine x2, Ghost x2, Command Center  
  194  15:57  Marine x4  
  194  16:02  Ghost  
  199  16:37  Marine x5  
  196  16:43  Ghost x2  
  196  16:44  Marauder x2, Marine x2  
  197  16:51  Liberator x3  
  199  16:54  Marine  
  198  17:01  Medivac  
  198  17:06  Planetary Fortress  
  198  17:07  Planetary Fortress  
  200  17:14  Ghost  
  200  17:15  Marine  
  200  17:19  Sensor Tower  
  200  17:20  Missile Turret  
  190  17:31  Marauder x3, Marine x2  
  190  17:32  Marauder  
  171  18:14  Ghost  
  171  18:15  Marauder, Marine  
  171  18:16  Marauder x3, Marine x4  
  186  18:23  Sensor Tower  
  186  18:37  Command Center  
  186  18:41  Marine x3  
Show
View Real Time Build Order
Export as new Build Order

PtitDrogo Protoss 

Build Orders: 1 Gate Expand, Phoenix Opening, Colossus Rush 

Get SALT Encoding   

  12  0:00  Probe  
  13  0:12  Probe  
  14  0:17  Pylon  
  14  0:25  Probe  
  15  0:35  Gateway  
  15  0:37  Probe (Chrono Boost)  
  16  0:46  Probe (Chrono Boost)  
  16  0:49  Assimilator  
  17  0:51  Probe (Chrono Boost)  
  18  1:03  Probe  
  19  1:15  Probe  
  20  1:22  Cybernetics Core  
  20  1:34  Nexus  
  20  1:40  Pylon  
  20  1:43  Probe  
  21  1:48  Assimilator  
  21  1:55  Probe  
  21  1:56  Adept (Chrono Boost)  
  24  2:05  Shield Battery  
  24  2:08  Probe  
  25  2:16  Adept (Chrono Boost)  
  27  2:26  Probe  
  27  2:29  Stargate  
  28  2:38  Probe (Chrono Boost), Warp Gate  
  29  2:46  Probe (Chrono Boost)  
  29  2:49  Adept  
  33  2:56  Probe (Chrono Boost)  
  33  2:57  Probe (Chrono Boost)  
  34  3:02  Probe (Chrono Boost)  
  34  3:04  Probe (Chrono Boost)  
  36  3:12  Probe  
  37  3:13  Phoenix (Chrono Boost)  
  37  3:15  Probe  
  40  3:22  Pylon  
  40  3:24  Probe  
  41  3:27  Probe  
  41  3:29  Gateway  
  41  3:32  Robotics Facility  
  42  3:36  Phoenix  
  44  3:42  Probe x2  
  46  3:48  Gateway  
  46  3:57  Probe  
  46  3:58  Probe  
  46  4:01  Phoenix (Chrono Boost)  
  51  4:10  Probe x2  
  52  4:18  Pylon  
  52  4:19  Assimilator  
  52  4:21  Assimilator  
  52  4:22  Probe x2  
  52  4:23  Pylon  
  54  4:36  Probe x2, Phoenix  
  58  4:38  Nexus  
  58  4:43  Observer (Chrono Boost)  
  59  4:45  Pylon  
  59  4:48  Probe x2  
  59  4:52  Robotics Bay  
  61  4:55  Forge  
  61  5:00  Probe  
  61  5:04  Observer (Chrono Boost)  
  63  5:09  Probe  
  63  5:13  Probe  
  66  5:21  Probe  
  66  5:22  Twilight Council  
  66  5:25  Probe  
  67  5:33  Probe  
  68  5:36  Colossus (Chrono Boost)  
  68  5:37  Probe  
  68  5:38  Protoss Ground Weapons Level 1  
  68  5:42  Photon Cannon  
  75  5:45  Probe  
  75  5:49  Probe  
  77  5:51  Probe  
  77  5:54  Photon Cannon  
  77  5:55  Photon Cannon  
  78  5:57  Probe, Sentry  
  78  5:59  Shield Battery  
  78  6:01  Probe  
  78  6:03  Probe  
  83  6:07  Observer  
  83  6:09  Probe  
  82  6:13  Probe  
  82  6:15  Probe  
  82  6:18  Colossus (Chrono Boost)  
  84  6:21  Probe  
  84  6:22  Assimilator  
  84  6:23  Assimilator  
  84  6:24  Charge (Chrono Boost)  
  91  6:25  Probe  
  91  6:28  Probe  
  91  6:32  Pylon  
  93  6:33  Pylon  
  93  6:34  Extended Thermal Lance  
  93  6:35  Probe  
  93  6:49  Gateway  
  93  6:50  Probe x2  
  93  6:52  Gateway  
  95  6:54  Colossus (Chrono Boost)  
  95  6:55  Gateway x2  
  95  6:56  Gateway  
  95  7:01  Nexus  
  101  7:04  Pylon  
  101  7:13  Templar Archives  
  101  7:18  Zealot x3  
  101  7:19  Pylon  
  107  7:32  Gateway x2  
  107  7:33  Pylon  
  107  7:35  Pylon  
  107  7:36  Warp Prism (Chrono Boost)  
  107  7:39  Probe x3  
  112  7:45  Protoss Ground Armor Level 1 (Chrono Boost)  
  112  7:48  Zealot x4  
  120  7:51  Blink (Chrono Boost)  
  120  7:54  High Templar x2  
  120  7:55  High Templar x2  
  128  7:58  Pylon  
  128  8:00  Archon x2  
  128  8:01  Pylon  
  128  8:03  Pylon  
  126  8:18  Zealot x4  
  126  8:19  Observer  
  132  8:23  Probe x2  
  134  8:29  High Templar x3  
  134  8:30  High Templar  
  134  8:31  Zealot x2  
  146  8:35  Archon x2  
  146  8:39  Pylon  
  146  8:42  Pylon  
  146  8:44  Forge  
  146  8:45  Pylon, Zealot x4  
  154  8:54  Zealot  
  156  8:55  Zealot  
  156  9:00  Pylon  
  156  9:02  Pylon, Zealot x4  
  166  9:10  High Templar x4  
  166  9:14  Archon  
  166  9:15  Archon  
  174  9:23  Zealot x6  
  164  9:44  Zealot x10  
  159  9:54  Probe  
  159  9:58  Immortal (Chrono Boost)  
  145  10:07  Nexus  
  145  10:08  Pylon  
  145  10:10  Zealot x3  
  145  10:13  High Templar x6  
  163  10:17  Archon x3  
  163  10:18  Zealot  
  163  10:19  Protoss Ground Weapons Level 2 (Chrono Boost), Protoss Ground Armor Level 2 (Chrono Boost)  
  163  10:21  Probe  
  166  10:32  Pylon  
  166  10:34  Pylon  
  166  10:35  Photon Cannon  
  166  10:38  Immortal (Chrono Boost)  
  156  10:59  Zealot x10  
  156  11:01  Shield Battery  
  176  11:06  Robotics Facility  
  176  11:08  Robotics Facility  
  176  11:09  Disruptor (Chrono Boost)  
  177  11:42  Probe (Chrono Boost)  
  180  11:47  Disruptor (Chrono Boost)  
  180  11:49  Probe x2 (Chrono Boost)  
  180  11:52  Probe (Chrono Boost)  
  184  11:56  Probe (Chrono Boost)  
  184  11:59  Disruptor x2 (Chrono Boost)  
  183  12:08  Probe  
  188  12:14  Nexus  
  188  12:15  Disruptor (Chrono Boost), Pylon  
  182  12:20  Probe  
  170  12:23  Zealot x7  
  170  12:24  Zealot x3  
  170  12:25  Protoss Ground Weapons Level 3 (Chrono Boost)  
  170  12:26  Protoss Ground Armor Level 3 (Chrono Boost)  
  170  12:27  Disruptor x2  
  170  12:29  Gateway  
  196  12:31  Gateway x2  
  196  12:34  Gateway x2  
  192  12:58  Zealot x4  
  168  13:20  Zealot x3  
  168  13:21  Zealot x7  
  168  13:22  Disruptor x3 (Chrono Boost)  
  142  13:27  Probe  
  121  13:42  Zealot  
  121  13:43  Zealot x14  
  151  13:50  Photon Cannon  
  151  13:51  Shield Battery, Immortal x2 (Chrono Boost)  
  151  13:52  Immortal (Chrono Boost)  
  151  13:55  Assimilator  
  163  13:57  Assimilator  
  163  14:07  Stalker x12  
  163  14:08  Stalker x3  
  167  14:27  Immortal x3  
  177  14:39  Stalker x9  
  177  14:40  Stalker  
  177  14:45  Zealot x3  
  167  15:15  Zealot x3  
  167  15:16  Zealot x12  
  182  15:26  Disruptor x3  
  175  15:43  Zealot x6  
  175  15:44  Zealot  
  179  15:55  High Templar x8  
  183  16:03  Archon x3  
  183  16:05  Archon  
  179  16:11  Zealot x2  
  179  16:12  Zealot x5  
  179  16:15  Disruptor x2  
  199  16:29  Zealot  
  195  16:33  Zealot x2  
  195  16:37  Zealot x4  
  182  16:43  Stalker x4  
  182  16:45  Stalker x3  
  165  17:06  Stalker x4  
  116  17:30  Stalker x3  
  116  17:31  Zealot x7  
  132  17:49  Zealot  
  116  18:08  Zealot x5  
  114  18:22  Stalker x5  
  124  18:28  High Templar x2  
  124  18:29  High Templar x3  
  124  18:33  Archon  
  124  18:34  Archon  
Tags
 
Add a new tag
Caveats
  • Supply blocks, unpowered buildings, or Contaminate may cause inaccurate times.
  • Supply counts are checked every 10 seconds.